 Dungeon Crawl Stone Soup version 0.28.0-45-g0d030f2227 (webtiles) character file.

Game seed: 12460251133284113760

1052 Icepheonix32 the Skirmisher (level 8, -7/62 HPs)
             Began as a Demonspawn Fighter on Apr 6, 2022.
             Mangled by an orc warrior
             ... wielding a +0 glaive
              (11 damage)
             ... on level 5 of the Dungeon.
             The game lasted 00:08:38 (4360 turns).

Icepheonix32 the Skirmisher (Demonspawn Fighter)    Turns: 4360, Time: 00:08:39

Health: -7/62      AC: 10    Str: 19    XL:     8   Next: 5%
Magic:  0/11       EV: 10    Int:  9    God:
Gold:   112        SH:  0    Dex: 13    Spells: 7/11 levels left

rFire   . . .      SeeInvis .   y - +3 quarterstaff
rCold   . . .      Faith    .   (shield currently unavailable)
rNeg    . . .      Spirit   +   b - +0 scale mail
rPois   .          Reflect  .   l - +0 helmet
rElec   .          Harm     .   u - +0 cloak
rCorr   .          Rampage  .   (no gloves)
Will    .....                   (no boots)
Stlth   ..........              e - amulet of guardian spirit
HPRegen 0.20/turn               (no ring)
MPRegen 0.12/turn               (no ring)

@: mighty
A: hooves 1, rugged brown scales 1, ignite blood 1, powered by pain 2
a: no special abilities


You were on level 5 of the Dungeon.
You visited 1 branch of the dungeon, and saw 5 of its levels.

You collected 144 gold pieces.
You spent 32 gold pieces at shops.

Inventory:

Hand Weapons
 a - a +0 long sword
 p - a +0 hunting sling
 y - a +3 quarterstaff (weapon)
Missiles
 q - 64 sling bullets
 v - 3 boomerangs (quivered)
Armour
 b - a +0 scale mail (worn)
 c - a +0 buckler
 l - a +0 helmet (worn)
 u - a +0 cloak (worn)
Jewellery
 e - an amulet of guardian spirit (around neck)
 h - an amulet of faith
Scrolls
 d - a scroll of vulnerability {unknown}
 f - a scroll of identify {unknown}
 i - 3 scrolls of acquirement {unknown}
 j - 2 scrolls of blinking {unknown}
 k - 5 scrolls of teleportation {unknown}
 m - 2 scrolls of silence {unknown}
 n - a scroll of immolation {unknown}
 o - a scroll of fog {unknown}
 s - a scroll of holy word {unknown}
 t - a scroll of enchant weapon {unknown}
 x - a scroll of enchant armour {unknown}


   Skills:
 + Level 4.9 Fighting
 - Level 3.0 Long Blades
 + Level 1.1 Staves
 + Level 3.2 Slings
 + Level 0.1(1.9) Throwing
 + Level 4.7 Armour
 + Level 2.1 Dodging
 + Level 0.1 Stealth
 - Level 3.4 Shields
 * Level 2.1 Spellcasting
 * Level 1.9 Transmutations


You had 7 spell levels left.
You knew the following spells:

 Your Spells              Type           Power      Damage    Failure   Level
a - Beastly Appendage     Tmut           8%         N/A       38%         1
b - Mephitic Cloud        Conj/Pois/Air  0%         N/A       95%         3

Your spell library contained the following spells:

 Spells                   Type           Power      Damage    Failure   Level
 Wereblood                Tmut           4%         N/A       54%         2
 Magic Dart               Conj           0%         1d3       67%         1
 Call Imp                 Summ           0%         N/A       80%         2
 Spider Form              Tmut/Pois      2%         N/A       88%         3
 Tukima's Dance           Hex            0%         N/A       95%         3
 Anguish                  Hex/Necr       0%         N/A       100%        4
 Enfeeble                 Hex            0%         N/A       100%        7


Dungeon Overview and Level Annotations

Branches:
Dungeon (5/15)
 Temple: D:4-7

Altars:
Cheibriados
Hepliaklqana
Nemelex Xobeh
Xom
The Shining One

Shops:
D:2 *=!   D:4 =


Innate Abilities, Weirdness & Mutations

You have large cloven feet.
You are partially covered in rugged brown scales. (AC +1, +3% HP)
Your demonic aura sometimes causes spilled blood to erupt in flames.
You sometimes gain power by taking damage.


Message History

The centaur skeleton hits you but does no damage.
The centaur skeleton kicks you but does no damage.
An orc comes into view. It is wielding a +0 club.
The bullfrog barely misses you.
The centaur skeleton closely misses you.
The centaur skeleton kicks you but does no damage.
The orc warrior closely misses you.
You bludgeon the centaur skeleton!!
You destroy the centaur skeleton!
The bullfrog hits you but does no damage.
The bullfrog barely misses you.
The orc warrior hits you from afar with a +0 glaive!
* * * LOW HITPOINT WARNING * * *
Your Spellcasting skill increases to level 2!
It was a potion of heal wounds.
You feel much better. The bullfrog barely misses you.
The orc warrior closely misses you.
The bullfrog hits you but does no damage.
You thump the bullfrog!
The bullfrog is severely wounded.
You hear a shout!
The bullfrog hits you but does no damage.
The orc warrior closely misses you.
You hit the bullfrog.
You kill the bullfrog!
The orc warrior hits you from afar with a +0 glaive!
Your Staves skill increases to level 1!
You have reached level 8!
You feel stronger.
Your demonic ancestry asserts itself...
Your feet thicken and deform.
The orc warrior hits you with a +0 glaive!
* * * LOW HITPOINT WARNING * * *
You focus on the pain.
You feel mightier all of a sudden.
Items here: ! )) [[.
You sock the orc warrior! Your kick misses the orc warrior.
The orc warrior is moderately wounded.
The orc warrior hits you with a +0 glaive.
* * * LOW HITPOINT WARNING * * *
The orc warrior hits you with a +0 glaive!
You die...

#.... ....... .....
....... ...# .......
#.?# ....... #.(#
[.... .. #..# ...####
._.#.#.o####.......
...#.#ooWo@°......#
...#oo####.......
####.#ZZ# #...#...
.......o#........ .
#####...#........#
#..............
######...........##.
#####.................
#............##+###'


You could see an orc warrior, a phantom and 5 orcs.

Vanquished Creatures
  Edmund (D:5)
  A water moccasin (D:5)
  A necrophage (D:5)
  An ogre (D:4)
  A bullfrog (D:5)
  2 scorpions
  3 crimson imps (D:3)
  2 centaur skeletons
  An orc priest (D:5)
  2 hounds
  An iguana (D:5)
  An orc wizard (D:4)
  Robin (D:2)
  8 adders
  An adder zombie (D:5)
  An adder skeleton (D:4)
  A worm (D:3)
  A dart slug (D:2)
  An orc (D:4)
  5 bats
  4 endoplasms (D:2)
  2 giant cockroaches
  14 goblins
  14 hobgoblins
  15 jackals
  3 kobolds
  A quokka (D:3)
  6 ball pythons
  2 frilled lizards
  2 rats (D:1)
99 creatures vanquished.

Vanquished Creatures (others)
  A plant (D:2)
1 creature vanquished.

Grand Total: 100 creatures vanquished

Notes
Turn   | Place    | Note
-------+----------+-------------------------------------------
     0 | D:1      | Icepheonix32 the Demonspawn Fighter began the quest for the
                  | Orb.
     0 | D:1      | Reached XP level 1. HP: 18/18 MP: 1/1
   692 | D:1      | Gained mutation: You sometimes gain a little power by
                  | taking damage. [demonic ancestry]
   692 | D:1      | Reached XP level 2. HP: 20/24 MP: 2/2
   869 | D:2      | Found a sparkling altar of Nemelex Xobeh.
   918 | D:2      | Noticed a scorpion
   930 | D:2      | Killed a scorpion
   931 | D:2      | Gained mutation: Your demonic aura sometimes causes spilled
                  | blood to erupt in flames. [demonic ancestry]
   931 | D:2      | Reached XP level 3. HP: 8/29 MP: 1/3
   931 | D:2      | Gained mutation: You are partially covered in rugged brown
                  | scales. (AC +1, +3% HP) [demonic ancestry]
   931 | D:2      | Reached XP level 4. HP: 8/36 MP: 1/4
   939 | D:2      | Found Fiub's Assorted Antiques.
  1227 | D:2      | Bought a scroll labelled WEOMIQ ZIOZ for 17 gold pieces
  1227 | D:2      | Bought a dark potion for 15 gold pieces
  1253 | D:2      | Found Apsehoge's Jewellery Boutique.
  1799 | D:2      | Noticed Robin
  1859 | D:2      | Reached XP level 5. HP: 43/43 MP: 5/5
  1874 | D:2      | Killed Robin
  2146 | D:2      | Found Baplehehemm's Distillery.
  2365 | D:3      | Found a faded altar of an unknown god.
  2570 | D:3      | Reached skill level 1 in Dodging
  2661 | D:3      | Found a shimmering altar of Xom.
  2690 | D:3      | Reached skill level 1 in Slings
  2700 | D:3      | Gained mutation: You sometimes gain power by taking damage.
                  | [demonic ancestry]
  2700 | D:3      | Reached XP level 6. HP: 46/49 MP: 4/6
  3313 | D:4      | Found a sparkling altar of Nemelex Xobeh.
  3336 | D:4      | Found Meculom's Jewellery Emporium.
  3634 | D:4      | Learned a level 1 spell: Beastly Appendage
  3712 | D:4      | Found a hazy altar of Hepliaklqana.
  3824 | D:5      | Entered Level 5 of the Dungeon
  3868 | D:5      | Learned a level 3 spell: Mephitic Cloud
  3926 | D:5      | Noticed an orc warrior
  4151 | D:5      | Reached XP level 7. HP: 41/56 MP: 5/7
  4275 | D:5      | Reached skill level 1 in Spellcasting
  4315 | D:5      | Reached skill level 1 in Transmutations
  4317 | D:5      | Found a snail-covered altar of Cheibriados.
  4336 | D:5      | Noticed Edmund
  4346 | D:5      | Killed Edmund
  4359 | D:5      | Reached skill level 1 in Staves
  4359 | D:5      | Gained mutation: You have large cloven feet. [demonic
                  | ancestry]
  4359 | D:5      | Reached XP level 8. HP: 19/62 MP: 1/11
  4360 | D:5      | Mangled by an orc warrior

Illustrated notes

Levels and vault maps discovered:
D:1:      lightli_molten_gateway, layout_basic, minivault_11,
          hangedman_abyss_or_decor_stabs
D:2:      layout_basic, basic_altar, serial_shops, nicolae_shop_waterfront,
          shop, nicolae_shop_overgrown_old_shop, minmay_misc_feat_doors,
          uniq_robin, uniq_crazy_yiuf_cottage
D:3:      layout_rooms, led_xom_imps, nicolae_ecumenical_snake_handling
D:4:      layout_basic, overflow_temple_1_default, mainiacjoe_overflow_chevrons,
          nicolae_overflow_hidden_temple, serial_shops, nicolae_stop_n_shop_1
D:5:      layout_basic, mainiacjoe_overflow_cross_hatched, uniq_edmund

Skill      XL: |  1  2  3  4  5  6  7 |
---------------+----------------------+-----
Armour         | 3 4 |  4.7
Long Blades    | 2 3 |  3.0
Shields        | 3 |  3.4
Dodging        | 1 2 |  2.1
Fighting       | 4 |  4.9
Slings         | 2 3 |  3.2
Spellcasting   | 2 |  2.1
Transmutations | 1 |  1.9
Staves         | 1 |  1.1
Throwing       | |  0.1
Stealth        | |  0.1

Action                   |  1- 3 |  4- 6 |  7- 9 || total
-------------------------+-------+-------+-------++-------
Melee: Long sword        |    44 |   233 |     5 ||   282
       Quarterstaff      |       |       |    31 ||    31
 Fire: Hunting sling     |       |    53 |     6 ||    59
Throw: Boomerang         |       |       |     2 ||     2
  Use: Potion            |     1 |     3 |     3 ||     7
Armor: Scale mail        |    21 |   140 |    36 ||   197
       Skin              |       |    27 |       ||    27
Dodge: Dodged            |    12 |   133 |    43 ||   188
Block: Buckler           |    10 |    65 |     1 ||    76
